 Dungeon Crawl Stone Soup version 0.28.0 (webtiles) character file.

Game seed: 2520373687017226580

82 SnakkuSnakku7 the Ducker (level 4, -1/33 HPs)
             Began as a Djinni Gladiator on Feb 10, 2022.
             Slain by Crazy Yiuf (14 damage)
             ... on level 2 of the Dungeon.
             The game lasted 00:02:29 (2352 turns).

SnakkuSnakku7 the Ducker (Djinni Gladiator)         Turns: 2352, Time: 00:02:29

Health: -1/33      AC:  4    Str: 13    XL:     4   Next: 70%
Gold:   101        EV: 12    Int: 17    God:
                   SH:  0    Dex: 15

rFire   + + .      SeeInvis .   a - +0 quarterstaff
rCold   x . .      Faith    .   (shield currently unavailable)
rNeg    . . .      Spirit   .   l - +0 leather armour
rPois   ∞          Reflect  .   c - +0 helmet
rElec   .          Harm     .   (no cloak)
rCorr   .          Rampage  .   (no gloves)
Will    .....                   (boots unavailable)
Stlth   +.........              f - amulet of regeneration
HPRegen 0.91/turn               m - +6 ring of intelligence
MPRegen 0.00/turn               (no ring)

@: flying
A: sickness immunity, fire resistance 2, cold vulnerability 1, float, innate
caster, HP casting, extra vitality 1
a: no special abilities


You were on level 2 of the Dungeon.
You visited 1 branch of the dungeon, and saw 2 of its levels.

You collected 101 gold pieces.

Inventory:

Hand Weapons
 a - a +0 quarterstaff (weapon)
 b - a +1 dagger of venom
Missiles
 e - 50 bolts
Armour
 c - a +0 helmet (worn)
 l - a +0 leather armour (worn)
Jewellery
 f - an amulet of regeneration (around neck)
 m - a +6 ring of intelligence (left hand)
Scrolls
 h - 2 scrolls of torment {unknown}
 j - a scroll of identify {unknown}
Potions
 g - a potion of flight {unknown}
 i - a potion of haste {unknown}
 k - a potion of magic {unknown}
 n - a potion of heal wounds {unknown}


   Skills:
 - Level 2.0 Fighting
 - Level 2.6 Staves
 - Level 1.5 Throwing
 - Level 3.2 Dodging
 + Level 2.9 Spellcasting


You had 7 spell levels left.
You knew the following spells:

 Your Spells              Type           Power      Damage    Failure   Level
a - Magic Dart            Conj           48%        1d5       7%          1
Your spell library was empty.

Dungeon Overview and Level Annotations

Branches:
Dungeon (2/15)

Altars:

Shops:
D:1 [

Annotations:
D:2 Crazy Yiuf


Innate Abilities, Weirdness & Mutations

You are immune to sickness and miasma.
You are immune to poison.
Your flesh is very heat resistant. (rF++)
You are vulnerable to cold. (rC-)
You float through the air rather than walking.
You learn spells naturally, not from books.
Your magical power is your life essence.
You have superior vitality. (+4 MHP)


Message History

Crazy Yiuf is caught in the net!
Crazy Yiuf struggles against the net.
You hit Crazy Yiuf but do no damage.
Crazy Yiuf struggles against the net.
You thump Crazy Yiuf!
Crazy Yiuf is moderately wounded.
Crazy Yiuf struggles against the net.
You hit Crazy Yiuf but do no damage.
Crazy Yiuf is moderately wounded.
Crazy Yiuf cries, "Rifle broken koolooloo!"
Crazy Yiuf struggles against the net.
You hit Crazy Yiuf.
Crazy Yiuf is heavily wounded.
Crazy Yiuf struggles against the net.
You hit Crazy Yiuf but do no damage.
Crazy Yiuf is moderately wounded.
Crazy Yiuf struggles against the net.
You hit Crazy Yiuf but do no damage.
Crazy Yiuf is moderately wounded.
Crazy Yiuf struggles against the net.
The net rips apart, and Crazy Yiuf comes free!
Crazy Yiuf hits you with a +2 quarterstaff of chaos.
Crazy Yiuf freezes you.
You closely miss Crazy Yiuf.
Crazy Yiuf is moderately wounded.
Crazy Yiuf hits you with a +2 quarterstaff of chaos!
Throw: throwing net
Press: ? - help, Q - select action, (/) - cycle Shift-Dir - straight line, f/p - Crazy Yiuf
Aim: Crazy Yiuf, wielding a +2 quarterstaff of chaos and wearing a +0 cloak (moderately wounded, 63% to hit)
You throw a throwing net.
The throwing net barely misses Crazy Yiuf.
Crazy Yiuf whimpers, "Snower!"
Crazy Yiuf misses you.
You hit Crazy Yiuf but do no damage.
Crazy Yiuf is moderately wounded.
Crazy Yiuf hits you with a +2 quarterstaff of chaos!
You barely miss Crazy Yiuf.
Crazy Yiuf is moderately wounded.
Crazy Yiuf says, "Fire!
Defame stair snail."
Crazy Yiuf hits you with a +2 quarterstaff of chaos!
You die...

## .# .#
##### .##
#)(.# #.##
#...# ##.###
... ##..#
#g# ##.#.#
#@## #.##.#
##.#
)###.###
#.## .###...
##.# ..##.##
##.##
##....#
##...#
##...######
#.P..#
##.......#
#....#
####..######
##..##


You could see Crazy Yiuf.

Vanquished Creatures
  Robin (D:2)
  An adder (D:2)
  9 ball pythons (D:1)
  3 endoplasms
  2 giant cockroaches (D:2)
  19 goblins
  2 hobgoblins
  2 jackals (D:1)
  5 bats
  A frilled lizard (D:1)
  7 kobolds
  5 rats
57 creatures vanquished.

Notes
Turn   | Place    | Note
-------+----------+-------------------------------------------
     0 | D:1      | SnakkuSnakku7 the Djinni Gladiator began the quest for the
                  | Orb.
     0 | D:1      | Reached XP level 1. HP: 18/18 MP: 0/0
    14 | D:1      | Found Gagrut's Antique Armour Boutique.
   248 | D:1      | Reached skill level 1 in Spellcasting
   248 | D:1      | Reached XP level 2. HP: 23/23 MP: 0/0
   318 | D:1      | Found a faded altar of an unknown god.
   494 | D:1      | Reached XP level 3. HP: 17/28 MP: 0/0
   494 | D:1      | Learned a level 1 spell: Magic Dart
  1147 | D:2      | Noticed Robin
  1487 | D:2      | Reached XP level 4. HP: 20/33 MP: 0/0
  1677 | D:2      | Killed Robin
  2333 | D:2      | Found a runed translucent door.
  2334 | D:2      | Noticed Crazy Yiuf
  2352 | D:2      | Slain by Crazy Yiuf

Illustrated notes

Levels and vault maps discovered:
D:1:      minmay_arrival_plants_in_alcoves, layout_basic,
          nicolae_ecumenical_snake_handling, serial_shops, shop, st_stairs_7,
          minmay_misc_feat_rows
D:2:      layout_loops_ring, uniq_robin, uniq_crazy_yiuf_cottage

Skill      XL: |  1  2  3 |
---------------+----------+-----
Spellcasting   | 1 2 |  2.9
Fighting       | |  2.0
Staves         | |  2.6
Throwing       | |  1.5
Dodging        | |  3.2

Action                   |  1- 3 |  4- 6 || total
-------------------------+-------+-------++-------
Melee: Quarterstaff      |    98 |    66 ||   164
Throw: Throwing net      |       |     3 ||     3
 Stab: Sleeping          |     2 |     1 ||     3
Armor: Leather armour    |    35 |    17 ||    52
Dodge: Dodged            |    95 |    39 ||   134
